 Dungeon Crawl Stone Soup version 0.31-a0-832-g3a2c1c66ba (webtiles) character file.

Game seed: 306519413227388899

169361 Conn the Arsonist (level 17, -16/109 HPs)
             Began as an Octopode Fire Elementalist on Sept 25, 2023.
             Was a High Priest of Sif Muna.
             Demolished by a +1 glaive of venom (28 damage)
             ... on level 2 of the Elven Halls.
             The game lasted 02:20:16 (38481 turns).

Conn the Arsonist (Octopode Fire Elementalist)     Turns: 38481, Time: 02:20:17

Health: -16/109    AC:  1    Str:  9    XL:     17   Next: 67%
Magic:  4/34       EV: 21    Int: 40    God:    Sif Muna [*****.]
Gold:   799        SH:  5    Dex: 13    Spells: 3/42 levels left

rFire   + . .        Z - +11 scimitar of the Abyss {protect, rC+}
rCold   + . .        (no shield)
rNeg    . . .        m - +0 hat of Protective Custody {Drain Int+5}
rPois   +            q - amulet of reflection
rElec   .            l - +6 ring of intelligence
rCorr   .            s - +6 ring of intelligence
SInv    .            D - ring of poison resistance
Will    +....        N - ring of ice
Stlth   ++++++       P - ring of fire
HPRegen 0.38/turn    E - ring of protection from fire
MPRegen 0.24/turn    f - ring of wizardry
                     k - ring of Zin's Wrath {EV+5 Stlth+}

%: reflection, wizardry (x1)
@: about to teleport, marked
A: almost no armour, amphibious, 8 rings, camouflage 1, gelatinous body 1,
(nimble swimmer 1), tentacles
}: 1/15 runes: decaying
a: Renounce Religion, Channel Magic, Forget Spell, Divine Exegesis


You were on level 2 of the Elven Halls.
You worshipped Sif Muna.
Sif Muna was extremely pleased with you.
You visited 6 branches of the dungeon, and saw 26 of its levels.
You visited 1 bazaar.
You also visited: Sewer and Ossuary.

You collected 2574 gold pieces.
You spent 1775 gold pieces at shops.

Inventory:

Hand Weapons
 b - the +4 triple crossbow of Accidental Termination {penet, rF++}
   (You bought it in a shop on level 9 of the Dungeon)

   rF++:      It greatly protects you from fire.
 A - the +8 hammer of Symmetry {heavy, rElec rF- Str+3}
   (You found it on level 7 of the Dungeon)

   Str+3:     It affects your strength (+3).
   rF-:       It makes you vulnerable to fire.
   rElec:     It insulates you from electricity.
 T - the +7 great mace "Firestarter" {flame, immolate, rFlCloud rF++}
   (You took it off a fire giant on level 1 of the Elven Halls)

   rFlCloud:  It grants immunity to clouds of flame.
   rF++:      It greatly protects you from fire.
 Z - the +11 scimitar of the Abyss (weapon) {protect, rC+}
   (You bought it in a shop on level 2 of the Orcish Mines)

   rC+:       It protects you from cold.
Missiles
 o - 3 throwing nets
 M - 9 curare-tipped darts (quivered)
Armour
 m - the +0 hat of Protective Custody (worn) {Drain Int+5}
   (You acquired it on level 2 of the Lair of Beasts)

   Int+5:     It affects your intelligence (+5).
   Drain:     It drains your maximum health when unequipped.
 u - a +3 buckler
 y - the +2 hood of the Assassin {Detect Stab+ Stlth++}
   (You found it on level 2 of the Elven Halls)

   Detect:    It allows the wearer to sense nearby creatures.
   Stab+:     It allows the wearer to make particularly effective stabbing
   attacks against helpless or unaware enemies with any weapon.
   Stlth++:   It makes you much more stealthy.
Magical Staves
 a - a staff of conjuration
 d - a staff of fire
 V - a staff of cold
Jewellery
 f - a ring of wizardry (on tentacle)
 k - the ring of Zin's Wrath (on tentacle) {EV+5 Stlth+}
   (You found it on level 5 of the Lair of Beasts)

   [ring of evasion]

   EV+5:      It affects your evasion (+5).
   Stlth+:    It makes you more stealthy.
 l - a +6 ring of intelligence (left tentacle)
 q - an amulet of reflection (around mantle)
 s - a +6 ring of intelligence (right tentacle)
 D - a ring of poison resistance (on tentacle)
 E - a ring of protection from fire (on tentacle)
 H - a ring of magical power
 J - a +5 ring of evasion
 L - a ring of protection from fire
 N - a ring of ice (on tentacle)
 P - a ring of fire (on tentacle)
 Q - a ring of wizardry
 W - a ring of resist corrosion
Wands
 r - a wand of light (14)
 v - a wand of paralysis (60)
 R - a wand of iceblast (9)
Scrolls
 c - 4 scrolls of revelation
 i - 6 scrolls of fog
 j - 8 scrolls of teleportation
 n - 10 scrolls of poison
 p - 3 scrolls of amnesia
 z - 2 scrolls of fear
 F - 3 scrolls of enchant armour
 O - 5 scrolls of identify
 S - a scroll of torment
 U - a scroll of vulnerability
 Y - 2 scrolls of blinking
Potions
 e - 3 potions of lignification
 g - 5 potions of attraction
 h - a potion of haste
 t - 4 potions of enlightenment
 w - 3 potions of curing
 x - 2 potions of magic
 B - 2 potions of berserk rage
 C - 5 potions of mutation
 G - 2 potions of heal wounds
 I - 3 potions of might
 K - a potion of brilliance
Miscellaneous
 X - a sack of spiders


   Skills:
 + Level 7.9 Fighting
 - Level 3.2 Maces & Flails
 - Level 5.0 Ranged Weapons
 - Level 8.0 Dodging
 - Level 8.0 Stealth
 - Level 10.0 Shields
 * Level 13.4 Spellcasting
 + Level 12.7 Conjurations
 - Level 4.0 Hexes
 - Level 3.6 Summonings
 - Level 3.0 Translocations
 * Level 14.2 Fire Magic
 - Level 5.0 Ice Magic
 + Level 12.2 Invocations


You had 3 spell levels left.
You knew the following spells:

 Your Spells              Type           Power      Damage    Failure   Level
a - Foxfire               Conj/Fire      100%       2x1d9     0%          1
b - Scorch                Fire           100%       2d9       0%          2
c - Inner Flame           Hex/Fire       99%        N/A       1%          3
d - Flame Wave            Conj/Fire      100%       2d21      1%          4
e - Iskenderun's Mystic   Conj/Tloc      74%        2d15      1%          4
f - Call Canine Familiar  Summ           54%        N/A       1%          3
g - Summon Guardian Gole  Hex/Summ       55%        N/A       1%          3
h - Summon Small Mammal   Summ           100%       N/A       1%          1
i - Fireball              Conj/Fire      58%        3d22      1%          5
j - Freezing Cloud        Conj/Ice/Air   42%        6-21      1%          5
k - Ignition              Fire           59%        3d16      10%         8

Your spell library contained the following spells:

 Spells                   Type           Power      Damage    Failure   Level
 Necrotise                Necr           100%       1d9       1%          1
 Slow                     Hex            100%       N/A       1%          1
 Ensorcelled Hibernation  Hex/Ice        100%       N/A       1%          2
 Jinxbite                 Hex            100%       N/A       1%          2
 Momentum Strike          Conj/Tloc      100%       3d10      1%          2
 Passwall                 Tmut/Erth      21%        N/A       1%          2
 Static Discharge         Conj/Air       100%       2-7/arc   1%          2
 Confusing Touch          Hex            56%        N/A       1%          3
 Dazzling Flash           Conj/Hex       100%       N/A       1%          3
 Ignite Poison            Fire/Tmut/Pois 77%        N/A       1%          3
 Sigil of Binding         Hex            56%        N/A       1%          3
 Tukima's Dance           Hex            56%        N/A       1%          3
 Vampiric Draining        Necr           26%        2d7       1%          3
 Volatile Blastmotes      Fire/Tloc      100%       2d18      1%          3
 Dimensional Bullseye     Hex/Tloc       26%        N/A       1%          4
 Fulminant Prism          Conj/Hex       38%        3d17      1%          4
 Passage of Golubria      Tloc           50%        N/A       1%          4
 Sticky Flame             Conj/Fire      100%       2d11      1%          4
 Leda's Liquefaction      Hex/Erth       21%        N/A       2%          4
 Summon Lightning Spire   Summ/Air       41%        N/A       2%          4
 Airstrike                Air            13%        2d(2-18)  4%          4
 Silence                  Hex/Air        21%        N/A       6%          5
 Yara's Violent Unravell  Hex/Tmut       21%        3d10      6%          5
 Agony                    Necr           26%        N/A       14%         5
 Lee's Rapid Deconstruct  Erth           13%        3d9*      14%         5
 Fire Storm               Conj/Fire      58%        8d15      86%         9
 Disjunction              Tloc           25%        N/A       100%        8
 Shatter                  Erth           13%        3d13*     100%        9


Dungeon Overview and Level Annotations

Branches:
Dungeon (12/15)            Temple (1/1) D:6            Lair (5/5) D:8
  Swamp (4/4) Lair:2        Slime (0/5) Lair:4          Orc (2/2) D:9
    Elf (2/3) Orc:2         Sewer (visited)         Ossuary (visited)
  Snake: Lair:2-3    Spider: Lair:2-3

Altars:
Ashenzari
Cheibriados
Dithmenos
Elyvilon
Fedhas
Gozag
Hepliaklqana
Kikubaaqudgha
Makhleb
Nemelex Xobeh
Okawaru
Qazlal
Ru
Sif Muna
Trog
Uskayaw
Vehumet
Wu Jian
Xom
Yredelemnul
Zin
The Shining One

Shops:
D:7 !   D:9 (   Orc:1 ?*(   Orc:2 (([((


Innate Abilities, Weirdness & Mutations

You cannot wear most types of armour.
You are amphibious.
You can wear up to eight rings at the same time.
Your skin changes colour to match your surroundings (Stealth+).
Your rubbery body absorbs attacks. (AC +1, EV +1)
((You are camouflaged when in or above water. (Stealth+)))
You have tentacles for arms and can constrict up to eight enemies at once.


Message History

Casting: Iskenderun's Mystic Blast (safe; 1% risk of failure)
Confirm with . or Enter, or press ? or * to list all spells.
Okay, then.
Unknown command.
Unknown command.
Okay, then.
Unknown command.
Unknown command.
As you read the scroll of teleportation, it crumbles to dust.
You feel strangely unstable.
The +2 long sword of holy wrath hits your guardian golem!!
The +1 glaive of venom barely misses you.
The deep elf zephyrmancer gestures at you while chanting.
The bolt of lightning misses the +3 war axe of venom.
The bolt of lightning misses you.
A deep elf zephyrmancer comes into view.
It is wielding a +0 rapier.
Unknown command.
Unknown command.
Unknown command.
The +2 long sword of holy wrath hits your guardian golem!!
The deep elf blademaster hits you with a +0 rapier!!
The deep elf blademaster misses you. The +3 war axe of venom hits you!!
Your guardian golem overheats!
Unknown command.
Unknown command.
Unknown command.
Unknown command.
Unknown command.
Unknown command.
The deep elf blademaster hits you with a +0 rapier! x2
The +3 war axe of venom attacks as it pursues you!
The +3 war axe of venom hits you!!
* * * LOW HITPOINT WARNING * * *
A +1 glaive of freezing comes into view.
A +0 dire flail of protection comes into view.
The deep elf zephyrmancer casts a spell.
The deep elf zephyrmancer blinks!
A deep elf pyromancer comes into view. It is wielding a +0 rapier.
The +1 glaive of venom hits you from afar!!
You die...

,,,,,,,,......○○........,,,,,,*##
,,,,,,,,...(9..e....e.,,,,,,,**#.
,,,,,,,,...(....ee..#**,,,,,** #.
,,,,,,,,.......§§(.#* **,,,** #.
,,,,,,,,.....e.§)#** ***** #.
***,***,.......''####### ##. *
*** **.......(.(.....## #..
*......##e(...⌠..## ##. * ***
**......*#@........## ##
***,***,.....**#..........## #
,,,,,,,,....#* #...........##
,,,,,,,,...(* #.⌠..........#
,,,,,,,,...,** #............#
,,,,,,,,,,,,,**##..........⌠#
,,,,,,,,,,,,,,* ##.......)..#
,,,,,,,,,,,,,,* ##.........#####
,,,,,,,,,,,,,,* ####........#...#


You could see a deep elf blademaster, a deep elf knight, a deep elf pyromancer,
2 deep elf zephyrmancers, 6 dancing weapons and a friendly guardian golem
(summoned, inner flame).

Vanquished Creatures
  Norris (Elf:1)
  2 tentacled monstrosities (Swamp:4)
  A thorn hunter (Swamp:3)
  2 fenstrider witches (Swamp:4)
  A fire giant (Elf:1)
  An orc warlord (Orc:2)
  A reaper (Swamp:4)
  2 green draconians (Swamp:2)
  3 eleionomae
  2 deep elf annihilators (Elf:2)
  2 bunyips (Swamp:4)
  A blizzard demon (Swamp:4)
  3 fire dragons (Elf:1)
  A catoblepas (Lair:1)
  2 ogre magi (Swamp:4)
  10 hydras
  6 alligators
  A ghost crab (Swamp:2)
  2 spriggan air magi (Swamp:4)
  18 dancing weapons
  8 death yaks
  Erica (D:10)
  A boulder beetle (Lair:4)
  2 two-headed ogres
  2 orc high priests
  Urug (Orc:1)
  8 skysharks
  11 deep elf knights
  A sixfirhy (Swamp:4)
  4 goliath frogs
  6 swamp dragons
  5 bog bodies
  Pikel (D:7)
  5 spriggan druids
  9 deep elf archers
  2 wizards (Swamp:4)
  20 deep elf pyromancers
  15 deep elf zephyrmancers
  10 orc sorcerers
  2 orc knights
  2 cyclopes (Orc:2)
  2 will-o-the-wisps
  5 black mambas
  A moth of wrath (D:5)
  Maurice (Orc:2)
  7 elephants
  An orange demon (Swamp:4)
  21 cane toads
  A gargoyle (D:10)
  An unseen horror (D:11)
  4 rime drakes
  Maggie (D:7)
  2 kobold demonologists
  11 komodo dragons
  10 hornets
  2 bloated husks
  2 polar bears
  A hellwing (Swamp:4)
  8 trolls
  Grinder (D:5)
  10 tyrant leeches
  Prince Ribbit (D:7)
  31 blink frogs
  4 slime creatures (D:11)
  2 water elementals (Elf:2)
  3 wraiths
  An air elemental (Elf:1)
  A jumping spider (shapeshifter) (Elf:1)
  Sigmund (D:5)
  21 yaks
  7 fire elementals
  13 spriggans
  A basilisk (Lair:1)
  3 wyverns
  3 neqoxecs (Swamp:4)
  2 chaos spawn (Swamp:4)
  A steam dragon (D:7)
  2 wargs (Orc:1)
  18 vampire mosquitoes
  14 swamp worms
  11 water moccasins
  36 orc warriors
  3 swamp drakes
  2 black bears
  9 wolves
  12 centaurs
  4 ogres
  2 lemures (D:7)
  2 phantoms
  5 kobold brigands
  15 bullfrogs
  3 scorpions
  A gnoll sergeant (D:11)
  4 earth elementals
  7 wights
  19 killer bees
  5 electric eels
  11 howler monkeys
  3 centaur zombies (Ossuary)
  11 hounds
  2 human zombies (Ossuary)
  A gnoll bouda (D:4)
  25 orc priests
  13 jellies
  A sleepcap (D:4)
  Crazy Yiuf (D:7)
  4 scorpion zombies (Ossuary)
  Natasha (thrice) (D:4)
  2 iguanas (D:6)
  20 orc wizards
  6 hell rats (Lair:1)
  5 ogre zombies (Ossuary)
  8 gnolls
  11 adders
  5 river rats (Sewer)
  3 shadow imps
  4 adder zombies (Ossuary)
  5 worms
  97 orcs
  8 endoplasms
  4 giant cockroaches
  4 gnoll zombies (Ossuary)
  14 goblins
  5 hobgoblins
  17 jackals
  2 quokkas
  9 ball pythons
  5 bats
  6 frilled lizards
  A goblin zombie (Ossuary)
  2 hobgoblin zombies (Ossuary)
  25 kobolds
  3 orc zombies (Ossuary)
  9 rats
894 creatures vanquished.

Vanquished Creatures (collateral kills)
  A boulder beetle (D:12)
  28 foxfires
29 creatures vanquished.

Vanquished Creatures (others)
  A hydra (Swamp:2)
  A deep elf pyromancer (Elf:1)
  2 elephants (Lair:4)
  A cane toad (Lair:4)
  2614 foxfires
2619 creatures vanquished.

Grand Total: 3542 creatures vanquished

Notes
Turn   | Place    | Note
-------+----------+-------------------------------------------
     0 | D:1      | Conn the Octopode Fire Elementalist began the quest for the
                  | Orb.
     0 | D:1      | Reached XP level 1. HP: 11/11 MP: 3/3
   319 | D:1      | Reached XP level 2. HP: 17/17 MP: 0/5
   941 | D:1      | Found a faded altar of an unknown god.
  1039 | D:2      | Reached XP level 3. HP: 16/21 MP: 3/6
  1042 | D:2      | Learned a level 2 spell: Scorch
  1046 | D:2      | Learned a level 3 spell: Inner Flame
  1846 | D:3      | Found a broken altar of Ashenzari.
  1914 | D:3      | Reached XP level 4. HP: 27/27 MP: 4/7
  2775 | D:4      | Noticed an ogre
  2779 | D:4      | Killed an ogre
  2780 | D:4      | Reached XP level 5. HP: 31/31 MP: 2/9
  2866 | D:4      | Noticed Natasha
  2868 | D:4      | Killed Natasha
  2925 | D:4      | Reached skill level 1 in Hexes
  2925 | D:4      | Reached XP level 6. HP: 36/36 MP: 1/10
  3224 | D:4      | Identified the +1 short sword of Duty {venom, rF- rC+
                  | Will+}
  3229 | D:4      | Reached skill level 4 in Fire Magic
  3229 | D:4      | Reached XP level 7. HP: 41/41 MP: 7/12
  3271 | D:4      | Noticed Natasha
  3274 | D:4      | Killed Natasha
  3318 | D:4      | Noticed Natasha
  3323 | D:4      | Killed Natasha
  3454 | D:4      | Reached skill level 5 in Stealth
  3557 | D:4      | Learned a level 4 spell: Flame Wave
  4306 | D:5      | Entered Level 5 of the Dungeon
  4414 | D:5      | Noticed Grinder
  4426 | D:5      | Killed Grinder
  4427 | D:5      | Reached skill level 1 in Shields
  4427 | D:5      | Reached XP level 8. HP: 46/46 MP: 0/14
  4520 | D:5      | Noticed Sigmund
  4526 | D:5      | Killed Sigmund
  4658 | D:5      | Found a glowing drain.
  4674 | Sewer    | Entered a sewer
  5763 | D:5      | Found a hide-covered altar of Uskayaw.
  6081 | D:5      | Noticed a moth of wrath
  6084 | D:5      | Found a bloodstained altar of Trog.
  6088 | D:5      | Killed a moth of wrath
  6089 | D:5      | Reached skill level 5 in Spellcasting
  6089 | D:5      | Reached skill level 5 in Conjurations
  6089 | D:5      | Reached XP level 9. HP: 51/51 MP: 8/16
  6319 | D:6      | Found a sand-covered staircase.
  6325 | Ossuary  | Entered an ossuary
  7050 | Ossuary  | Reached skill level 5 in Fire Magic
  7284 | Ossuary  | Noticed a silent spectre
  8056 | D:6      | Found a staircase to the Ecumenical Temple.
  8069 | Temple   | Entered the Ecumenical Temple
  8354 | D:7      | Noticed Pikel
  8361 | D:7      | Killed Pikel
  8362 | D:7      | Reached XP level 10. HP: 44/56 MP: 4/19
  8369 | D:7      | Reached skill level 5 in Dodging
  8485 | D:7      | Reached skill level 5 in Shields
  8486 | D:7      | Noticed Maggie
  8496 | D:7      | Killed Maggie
  8663 | D:7      | Noticed Prince Ribbit
  8672 | D:7      | Killed Prince Ribbit
  9205 | D:7      | Learned a level 4 spell: Iskenderun's Mystic Blast
  9237 | D:7      | Found Dasor's Distillery.
  9240 | D:7      | Bought a potion of heal wounds for 60 gold pieces
  9310 | D:7      | Found a runed translucent door.
  9311 | D:7      | Noticed Crazy Yiuf
  9316 | D:7      | Killed Crazy Yiuf
  9348 | D:7      | Identified the +8 hammer of Symmetry {heavy, rElec rF-
                  | Str+3}
  9913 | D:8      | Reached skill level 1 in Translocations
 10048 | D:8      | Reached skill level 6 in Fire Magic
 10057 | D:8      | Found a staircase to the Lair.
 10239 | D:8      | Found a blossoming altar of Fedhas.
 10252 | D:8      | Found an ornate altar of the Wu Jian Council.
 10301 | D:8      | Noticed a two-headed ogre
 10488 | D:8      | Killed a two-headed ogre
 10489 | D:8      | Reached XP level 11. HP: 61/61 MP: 14/22
 10739 | D:8      | Found a large runed translucent door.
 10739 | D:8      | Found a large runed translucent door.
 11004 | D:8      | Found a shadowy altar of Dithmenos.
 11022 | D:8      | Found a white marble altar of Elyvilon.
 11152 | D:9      | Found a staircase to the Orcish Mines.
 11506 | D:9      | Found Ahideq's Antique Weapon Shoppe.
 11521 | D:9      | Bought a fine triple crossbow for 390 gold pieces
 11521 | D:9      | Identified the +4 triple crossbow of Accidental Termination
                  | {penet, rF++} (You bought it in a shop on level 9 of the
                  | Dungeon)
 11907 | D:8      | Reached skill level 1 in Ranged Weapons
 12544 | D:10     | Entered Level 10 of the Dungeon
 12626 | D:10     | Found a shimmering blue altar of Sif Muna.
 12629 | D:10     | Became a worshipper of Sif Muna the Loreminder
 12655 | D:10     | Noticed a two-headed ogre
 12659 | D:10     | Killed a two-headed ogre
 12735 | D:10     | Found an opulent altar of Gozag.
 12856 | D:10     | Learned a level 3 spell: Call Canine Familiar
 12893 | D:10     | Reached skill level 7 in Fire Magic
 12916 | D:10     | Noticed Erica
 12923 | D:10     | Killed Erica
 13148 | D:10     | Reached skill level 1 in Summonings
 14446 | D:11     | Reached XP level 12. HP: 66/66 MP: 8/24
 15105 | D:12     | Noticed a boulder beetle
 15131 | D:12     | Killed a boulder beetle
 15545 | D:12     | Reached skill level 1 in Invocations
 16161 | Lair:1   | Entered Level 1 of the Lair of Beasts
 16193 | Lair:1   | Reached * piety under Sif Muna
 16464 | Lair:1   | Reached skill level 8 in Fire Magic
 17232 | Lair:1   | Noticed a catoblepas
 17245 | Lair:1   | Killed a catoblepas
 17245 | Lair:1   | Reached ** piety under Sif Muna
 17414 | Lair:1   | Reached skill level 5 in Ranged Weapons
 18019 | Lair:2   | Noticed a five-headed hydra
 18027 | Lair:2   | Killed a five-headed hydra
 18028 | Lair:2   | Reached XP level 13. HP: 71/71 MP: 10/25
 18136 | Lair:2   | Reached skill level 10 in Conjurations
 18334 | Lair:2   | Identified a scroll of acquirement
 18335 | Lair:2   | Acquired the +0 hat of Protective Custody {Drain Int+5}
 18603 | Lair:2   | Reached skill level 9 in Fire Magic
 18749 | Lair:2   | Reached skill level 5 in Invocations
 18755 | Lair:2   | Found a staircase to the Swamp.
 19350 | Lair:3   | Learned a level 3 spell: Summon Guardian Golem
 19352 | Lair:3   | Learned a level 1 spell: Summon Small Mammal
 19939 | Lair:4   | Reached *** piety under Sif Muna
 20727 | Lair:4   | Found a staircase to the Slime Pits.
 21215 | Lair:5   | Entered Level 5 of the Lair of Beasts
 21416 | Lair:5   | Reached **** piety under Sif Muna
 21577 | Lair:4   | Reached skill level 10 in Fire Magic
 21990 | Lair:5   | Reached XP level 14. HP: 51/76 MP: 18/27
 22275 | Lair:5   | Reached skill level 10 in Spellcasting
 23140 | Lair:5   | Identified the ring of Zin's Wrath {EV+5 Stlth+}
 23199 | Lair:5   | Reached ***** piety under Sif Muna
 23200 | Lair:5   | Reached skill level 11 in Fire Magic
 24277 | Orc:1    | Entered Level 1 of the Orcish Mines
 24277 | Orc:1    | Noticed Urug
 24291 | Orc:1    | Killed Urug
 24505 | D:9      | Reached skill level 1 in Fighting
 24695 | Orc:1    | Found Geqoime's Magic Scroll Shop.
 24755 | Orc:2    | Entered Level 2 of the Orcish Mines
 24755 | Orc:2    | Noticed Maurice
 24760 | Orc:2    | Killed Maurice
 24763 | Orc:2    | Identified Xoavios's Compendium of Quicksand and Lava (Sif
                  | Muna gifted it to you on level 2 of the Orcish Mines)
 24763 | Orc:2    | Received a gift from Sif Muna
 24982 | Orc:2    | Learned a level 5 spell: Fireball
 25232 | Orc:1    | Found Qonteshre's Antique Weapon Shoppe.
 25360 | Orc:2    | Found Uloastr Tiehi's Antique Weapon Emporium.
 25503 | Orc:2    | Bought a pitted falchion for 232 gold pieces
 25503 | Orc:2    | Identified the +6 falchion "Xicif" {speed, Stlth+} (You
                  | bought it in a shop on level 2 of the Orcish Mines)
 25640 | Orc:2    | Found Kilueg's Antique Weapon Shop.
 26298 | Orc:2    | Reached XP level 15. HP: 83/85 MP: 16/29
 26486 | Orc:2    | Noticed an orc warlord
 26508 | Orc:2    | Killed an orc warlord
 26677 | Orc:2    | Found Soimaosh's Antique Armour Shoppe.
 26680 | Orc:2    | Found Atwuyv's Antique Weapon Emporium.
 26688 | Orc:2    | Bought an iridescent long sword for 204 gold pieces
 26688 | Orc:2    | Identified the +0 long sword of Dismemberment {flame,
                  | Str+3} (You bought it in a shop on level 2 of the Orcish
                  | Mines)
 26688 | Orc:2    | Bought an ancient scimitar for 216 gold pieces
 26688 | Orc:2    | Identified the +11 scimitar of the Abyss {protect, rC+}
                  | (You bought it in a shop on level 2 of the Orcish Mines)
 26885 | Orc:2    | Identified Porrastri's Handbook of Misty Charms (Sif Muna
                  | gifted it to you on level 2 of the Orcish Mines)
 26885 | Orc:2    | Received a gift from Sif Muna
 27143 | Orc:2    | Found Raedoil's Weapon Shoppe.
 27162 | Orc:2    | Found a staircase to the Elven Halls.
 27421 | Orc:1    | Found Sivviq's General Store.
 27681 | Orc:1    | You fall into a shaft and drop 1 floor!
 27902 | Orc:1    | Bought a potion of magic for 120 gold pieces
 28044 | Swamp:1  | Entered Level 1 of the Swamp
 29252 | Swamp:2  | Learned a level 5 spell: Freezing Cloud
 29419 | Swamp:2  | Reached skill level 12 in Fire Magic
 29419 | Swamp:2  | Reached skill level 10 in Invocations
 29494 | Swamp:2  | Reached skill level 1 in Ice Magic
 30258 | Swamp:2  | Identified Sif Muna's Omnibus of Hexes and Heat (Sif Muna
                  | gifted it to you on level 2 of the Swamp)
 30258 | Swamp:2  | Received a gift from Sif Muna
 30279 | Swamp:2  | Reached skill level 5 in Fighting
 30561 | Swamp:2  | Reached skill level 10 in Shields
 30796 | Swamp:3  | Noticed a thorn hunter
 31062 | Swamp:3  | Reached XP level 16. HP: 98/98 MP: 20/31
 31119 | Swamp:3  | Killed a thorn hunter
 31344 | Swamp:3  | Identified the +7 shortbow of the Wizarding Gods {speed,
                  | Fly rF- Int+3}
 31634 | Swamp:4  | Entered Level 4 of the Swamp
 32075 | Swamp:4  | Noticed a tentacled monstrosity
 32235 | Swamp:4  | Killed a tentacled monstrosity
 32699 | Swamp:4  | Paralysed by an ogre mage for 4 turns
 32701 | Swamp:4  | Noticed a fenstrider witch
 32706 | Swamp:4  | Killed a fenstrider witch
 33193 | Swamp:4  | Learned a level 8 spell: Ignition
 33210 | Swamp:4  | Noticed a fenstrider witch
 33213 | Swamp:4  | Killed a fenstrider witch
 33549 | Swamp:4  | Noticed a tentacled monstrosity
 33558 | Swamp:4  | Killed a tentacled monstrosity
 33690 | Swamp:4  | Got a decaying rune of Zot
 33966 | Elf:1    | Entered Level 1 of the Elven Halls
 33970 | Elf:1    | Reached skill level 13 in Fire Magic
 34234 | Elf:1    | Reached skill level 5 in Ice Magic
 34245 | Elf:1    | Noticed Norris
 34388 | Elf:1    | Killed Norris
 35228 | Elf:1    | Reached XP level 17. HP: 81/108 MP: 12/33
 35867 | Elf:1    | Identified Sif Muna's Catalogue of the Liminal Lithosphere
                  | (Sif Muna gifted it to you on level 1 of the Elven Halls)
 35867 | Elf:1    | Received a gift from Sif Muna
 36110 | Elf:1    | Paralysed by an air elemental for 1 turns
 36562 | Elf:2    | Found the +2 hood of the Assassin {Detect Stab+ Stlth++}
 36573 | Elf:2    | Reached skill level 1 in Maces & Flails
 36681 | Elf:2    | Reached skill level 14 in Fire Magic
 36705 | Elf:2    | Found a flickering gateway to a bazaar.
 36719 | Bazaar   | Entered a bazaar
 36734 | Bazaar   | Found Said's Magic Scroll Shop.
 36742 | Bazaar   | Bought a scroll of blinking for 67 gold pieces
 36742 | Bazaar   | Bought a scroll of blinking for 67 gold pieces
 36742 | Bazaar   | Bought a scroll of teleportation for 27 gold pieces
 36748 | Bazaar   | Found Oleas's Jewellery Emporium.
 36763 | Bazaar   | Found Qihemoec's Distillery.
 36771 | Bazaar   | Bought a potion of heal wounds for 40 gold pieces
 36771 | Bazaar   | Bought a potion of haste for 80 gold pieces
 36771 | Bazaar   | Bought 2 potions of lignification for 48 gold pieces
 36811 | Bazaar   | Found Geirghal's Armour Shoppe.
 36826 | Bazaar   | Found Unnidu Dadi's General Store.
 36923 | Bazaar   | Bought a potion of curing for 24 gold pieces
 36941 | Bazaar   | Bought a ring of magical power for 200 gold pieces
 37144 | Elf:2    | HP: 3/109 [deep elf archer/arrow (28)]
 37931 | Elf:2    | Found a runed translucent gate.
 37932 | Elf:2    | Found a runed translucent gate.
 37932 | Elf:2    | Found a runed translucent gate.
 38105 | Elf:2    | Found a shimmering blue altar of Sif Muna.
 38467 | Elf:2    | Noticed a deep elf blademaster
 38481 | Elf:2    | Demolished by a +1 glaive of venom

Illustrated notes

Levels and vault maps discovered:
D:1:      erik_arrival_orb_chamber, layout_basic, basic_ecumenical_altar,
          minmay_misc_feat_plants
D:2:      layout_rooms, corexii_shack
D:3:      kennysheep_six_static_rooms, layout_rooms, nicolae_ashenzari_skybound,
          minivault_19, corexii_hall_statues_i, kennysheep_cross_room,
          minmay_cut_off
D:4:      layout_basic, uniq_natasha
D:5:      layout_basic, tgw_trog, eat_drink_and_be_merry_uskayaw,
          gup_sewer_entry_glass, uniq_sigmund, uniq_grinder
D:6:      layout_loops_cross, minmay_temple_entry_crystal_x, enter_ossuary_1,
          minmay_holes, serial_bayou_pond_a, grunt_decor_one_mirror
D:7:      layout_basic, serial_shops, shop, kennysheep_generic_room_3,
          uniq_maggie, uniq_pikel, uniq_crazy_yiuf_cottage, uniq_prince_ribbit1
D:8:      layout_rooms, jmf_multi_god_temple2, grunt_temple_overflow_open,
          erik_lair_island
D:9:      layout_basic, orc_0_dummy, serial_shops, shop, serial_curves,
          eino_curves_01, eino_curves_02, eino_curves_03, eino_curves_04
D:10:     layout_loops_ring, nicolae_gozag_seed_capital, kennysheep_mini_moat,
          uniq_erica
D:11:     layout_stronghold, abandoned_shop
D:12:     layout_stronghold
Temple:   oiseaux_autumnal_temple
Lair:1:   layout_roguey, serial_forest, infiniplex_forest_corner_1,
          infiniplex_forest_corner_2, infiniplex_forest_pool,
          infiniplex_forest_fountain, infiniplex_forest_end_double,
          infiniplex_forest_end_2, hibernation_bobbens
Lair:2:   layout_small_grid, palyth_hydra_swamp_entry
Lair:3:   layout_roguey, spider_nest_entry_rubble, infiniplex_staircase_pool_2
Lair:4:   layout_gridlike, minmay_slime_entry_jelly_boxes, grunt_megastairs_4
Lair:5:   minmay_lair_end_frog_pond, layout_loops_ring
Swamp:1:  layout_basic_swamp, nicolae_swamp_long_stream,
          nicolae_swamp_spriggan_camp
Swamp:2:  layout_falls_marsh, evilmike_swamp_ruin_house_4, hangedman_swamp_dais
Swamp:3:  layout_basic_swamp, evilmike_swamp_ruin_house_1, swamp_pool3,
          infiniplex_staircase_pool
Swamp:4:  nzn_swamp_witches_coven, layout_basic_swamp
Orc:1:    layout_diamond_mine, serial_shops, shop, shop, shop, uniq_urug
Orc:2:    grunt_orc_community_town_hall, layout_caves,
          grunt_orc_community_big_house_1, grunt_orc_community_big_house_2,
          grunt_orc_community_house_3, grunt_orc_community_house_2,
          grunt_orc_community_house_3, grunt_orc_community_house_2,
          serial_shops, nicolae_shop_overgrown_old_shop, uniq_maurice
Elf:1:    minmay_firetagon, layout_geoelf_grid,
          hangedman_elven_crosses_minicolossus, nrook_loot_triangle, uniq_norris
Elf:2:    nicolae_elf_blades_crystal_corner, layout_gridlike, basic_altar,
          serial_glass, glass_columns_b, glass_columns_b, serial_shops,
          bzr_entry_islet

Skill      XL: |  1  2  3  4  5  6  7  8  9 10 11 12 13 14 15 16 17 |
---------------+----------------------------------------------------+-----
Stealth        | 3 4 5 6 7 8 |  8.0
Conjurations   | 2 3 4 5 6 7 8 9 10 11 12 | 12.7
Spellcasting   | 3 4 5 6 7 8 9 10 11 12 13 | 13.4
Dodging        | 3 4 5 6 7 8 |  8.0
Hexes          | 1 2 3 4 |  4.0
Fire Magic     | 4 5 6 7 8 10 11 12 13 14 | 14.2
Shields        | 1 3 4 6 7 8 9 10 | 10.0
Translocations | 1 3 |  3.0
Ranged Weapons | 3 5 |  5.0
Summonings     | 1 3 |  3.6
Invocations    | 4 7 9 10 11 12 | 12.2
Fighting       | 2 5 7 |  7.9
Ice Magic      | 3 5 |  5.0
Maces & Flails | 3 |  3.2

Action                     |  1- 3 |  4- 6 |  7- 9 | 10-12 | 13-15 | 16-18 || total
---------------------------+-------+-------+-------+-------+-------+-------++-------
  Melee: Staff             |     9 |     3 |    40 |    20 |    75 |     2 ||   149
         Constrict         |     2 |     1 |    13 |     4 |    15 |     5 ||    40
         Tentacles         |     1 |       |    19 |     5 |    23 |    10 ||    58
         Mace              |       |       |       |     1 |       |       ||     1
         Punch             |       |       |       |       |     3 |     2 ||     5
         Great mace        |       |       |       |       |       |    24 ||    24
         Scimitar          |       |       |       |       |       |    10 ||    10
   Fire: Sling             |       |       |     8 |       |       |       ||     8
  Throw: Dart              |       |       |       |     2 |       |       ||     2
   Cast: Foxfire           |    96 |    65 |   270 |   352 |   613 |    94 ||  1490
         Scorch            |     2 |     5 |    37 |   125 |   213 |    47 ||   429
         Inner Flame       |       |     2 |    11 |    42 |    48 |    17 ||   120
         Flame Wave        |       |       |     6 |    35 |    67 |    19 ||   127
         Iskenderun's Myst |       |       |       |     2 |    10 |    97 ||   109
         Call Canine Famil |       |       |       |     4 |     1 |     3 ||     8
         Summon Guardian G |       |       |       |       |    12 |    15 ||    27
         Fireball          |       |       |       |       |    52 |    95 ||   147
         Freezing Cloud    |       |       |       |       |       |    12 ||    12
         Ignition          |       |       |       |       |       |     3 ||     3
 Invoke: Channel Magic     |       |       |       |       |     8 |    11 ||    19
  Evoke: Wand              |       |       |       |     6 |     3 |     1 ||    10
    Use: Scroll            |       |     7 |     3 |    14 |     7 |     5 ||    36
         Potion            |       |       |     2 |     8 |     9 |     9 ||    28
   Stab: Sleeping          |     1 |       |     2 |       |       |     1 ||     4
         Distracted        |       |       |       |       |       |     1 ||     1
 Armour: Skin              |     7 |     1 |    16 |    86 |   141 |   108 ||   359
  Dodge: Dodged            |     8 |     2 |    21 |    95 |   236 |    93 ||   455
  Block: Buckler           |       |       |    15 |    52 |   130 |    49 ||   246
         Reflection        |       |       |       |       |       |     3 ||     3
         Other             |       |       |       |       |       |     2 ||     2

Table legend: (Time is in decaauts)
 A = Elapsed time spent in this place.
 B = Non-inter-level travel time spent in this place.
 C = Inter-level travel time spent in this place.
 D = Time resting spent in this place.
 E = Time spent auto-exploring this place.
 F = Levels seen in this place.
 G = Mean time per level.
                   A        B        C        D        E       F      G
               +--------+--------+--------+--------+--------+-----+--------+
         Total |  38539 |  37483 |   1056 |   5989 |  21727 |  29 | 1328.9 |
       Dungeon |  14493 |  14060 |    433 |   1240 |   9496 |  12 | 1207.8 |
        Temple |     62 |     62 |      0 |      0 |      0 |   1 |   62.0 |
          Lair |   8192 |   7878 |    314 |   1165 |   4846 |   5 | 1638.4 |
         Swamp |   5791 |   5615 |    176 |    909 |   3554 |   4 | 1447.8 |
  Orcish Mines |   4050 |   3935 |    115 |   1223 |   1626 |   2 | 2025.0 |
   Elven Halls |   3586 |   3569 |     17 |    916 |   1491 |   2 | 1793.0 |
        Bazaar |    321 |    321 |      0 |      0 |      0 |   1 |  321.0 |
         Sewer |   1024 |   1024 |      0 |      3 |    649 |   1 | 1024.0 |
       Ossuary |   1017 |   1017 |      0 |    533 |     65 |   1 | 1017.0 |
               +--------+--------+--------+--------+--------+-----+--------+

Top non-repeatable levels by time:
  Lair:4: 2956 daAuts
   Orc:2: 2817 daAuts
   Elf:1: 1998 daAuts
  Lair:1: 1810 daAuts
     D:9: 1611 daAuts
   Elf:2: 1587 daAuts
  Lair:2: 1567 daAuts
  Lair:5: 1552 daAuts
     D:8: 1550 daAuts
 Swamp:4: 1541 daAuts
     D:4: 1539 daAuts
 Swamp:2: 1466 daAuts
    D:11: 1450 daAuts
 Swamp:1: 1394 daAuts
 Swamp:3: 1388 daAuts
